 Dungeon Crawl Stone Soup version 0.26.0-91-g99b343417d (webtiles) character file.

Game seed: 2488604061665945809

48 Gadfly the Sneak (level 3, -5/33 HPs)
             Began as a Palentonga Delver on Feb 4, 2021.
             Slain by a bullfrog (6 damage)
             ... on level 4 of the Dungeon.
             The game lasted 00:02:03 (724 turns).

Gadfly the Sneak (Palentonga Delver)                 Turns: 724, Time: 00:02:03

Health: -5/33      AC:  4    Str: 16    XL:     3   Next: 50%
Magic:  3/3        EV:  9    Int: 10    God:
Gold:   7          SH:  0    Dex: 11    Spells: 2/2 levels left

rFire    . . .     SeeInvis +   a - +0 falchion
rCold    . . .     Faith    .   (no shield)
rNeg     . . .     Spirit   .   b - +0 leather armour
rPois    .         Reflect  .   (no helmet)
rElec    .         Harm     .   (no cloak)
rCorr    .         Rampage  .   (no gloves)
Will     .....                  (no barding)
Stlth    ++........             (no amulet)
HPRegen  0.11/turn              (no ring)
MPRegen  0.08/turn              (no ring)

@: no status effects
A: large, rugged brown scales 3, see invisible, deformed body, roll 1, armoured
tail
a: Rolling Charge


You were on level 4 of the Dungeon.
You visited 1 branch of the dungeon, and saw 2 of its levels.

You collected 7 gold pieces.

Inventory:

Hand Weapons
 a - a +0 falchion (weapon)
Armour
 b - a +0 leather armour (worn)
Wands
 g - a wand of digging (3)
Scrolls
 c - a scroll of fog
 d - a scroll of magic mapping
 e - a scroll of fear
 h - a scroll of identify
 j - 3 scrolls of remove curse
 k - a scroll of immolation {unknown}
Potions
 f - a potion of haste
 i - a potion of curing


   Skills:
 + Level 3.2 Fighting
 * Level 2.6 Long Blades
 * Level 1.1 Armour
 + Level 1.8 Dodging
 - Level 3.3 Stealth
 * Level 1.2 Evocations


You had 2 spell levels left.
You didn't know any spells.
Your spell library was empty.

Dungeon Overview and Level Annotations

Branches:
Dungeon (5/15)
 Temple: D:4-7

Altars:
Gozag


Innate Abilities, Weirdness & Mutations

You are completely covered in rugged brown scales. (AC +3, +7% HP)
You have supernaturally acute eyesight. (SInv)
Armour fits poorly on your strangely shaped body.
You can roll at nearby foes to attack.
You have a long armoured tail.


Message History

The bullfrog hits you.
Unknown command.
You barely miss the bullfrog.
Your tail-slap misses the bullfrog.
The bullfrog is heavily wounded.
The bullfrog hits you. The bullfrog barely misses you.
You barely miss the bullfrog.
The bullfrog is heavily wounded.
The bullfrog hits you. x2
* * * LOW HITPOINT WARNING * * *
You are too injured to fight recklessly!
You barely miss the bullfrog.
The bullfrog is heavily wounded.
The bullfrog hits you.
* * * LOW HITPOINT WARNING * * *
The bullfrog hits you.
* * * LOW HITPOINT WARNING * * *
You miss the bullfrog.
The bullfrog is heavily wounded.
The bullfrog hits you.
You die...

................#
...................#
...................#
..?................##
....................#
...................(####
......................#.
........................
.....>F@.........#...###
...............###..##
.............### #..#
.......##....# #..#
.....## ##...# #..#
...## #...## #..# ...
#†...# #..# ..
#....####..#
##..........#


You could see a bullfrog.

Vanquished Creatures
  A hound (D:4)
  An adder (D:4)
  A worm (D:4)
  A dart slug (D:4)
  A ball python (D:5)
  A giant cockroach (D:4)
6 creatures vanquished.

Notes
Turn   | Place    | Note
-------+----------+-------------------------------------------
     0 | D:5      | Gadfly the Palentonga Delver began the quest for the Orb.
     0 | D:5      | Reached XP level 1. HP: 20/20 MP: 1/1
   184 | D:4      | Found an opulent altar of Gozag.
   264 | D:4      | Reached XP level 2. HP: 22/27 MP: 2/2
   537 | D:4      | Reached skill level 1 in Armour
   537 | D:4      | Reached skill level 1 in Evocations
   537 | D:4      | Reached XP level 3. HP: 12/33 MP: 3/3
   715 | D:4      | Noticed a bullfrog
   723 | D:4      | HP: 1/33 [bullfrog (4)]
   724 | D:4      | Slain by a bullfrog

Illustrated notes

Levels and vault maps discovered:
D:4:      layout_layer_cave, kennysheep_mini_moat, kennysheep_mini, uniq_robin
D:5:      layout_loops_cross, general_overflow_altar, uniq_menkaure,
          uniq_eustachio

Skill      XL: |  1  2 |
---------------+-------+-----
Armour         | 1 |  1.1
Evocations     | 1 |  1.2
Fighting       | |  3.2
Long Blades    | |  2.6
Dodging        | |  1.8
Stealth        | |  3.3

Action                   || total
-------------------------++-------
Melee: Falchion          ||    31
       Tailslap          ||     1
 Abil: Rolling Charge    ||     4
  Use: Scroll            ||     2
Armor: Leather armour    ||     6
Dodge: Dodged            ||    15
       Rpst.: Falchion   ||     4
